 Dungeon Crawl Stone Soup version 0.25.0-65-g31bcc41 (webtiles) character file.

938 Dorkslayer the Skirmisher (level 7, -2/56 HPs)
             Began as a Demonspawn Fighter on Nov 1, 2020.
             Slain by a black bear (3 damage)
             ... on level 1 of the Dungeon.
             The game lasted 00:01:47 (543 turns).

Dorkslayer the Skirmisher (Demonspawn Fighter)       Turns: 543, Time: 00:01:48

Health: -2/56      AC:  7    Str: 24    XL:     7   Next: 87%
Magic:  16/16      EV:  8    Int:  9    God:
Gold:   23         SH: 10    Dex: 12    Spells: 6/6 levels left

rFire    . . .     SeeInvis .   a - +0 long sword
rCold    . . .     Gourm    .   c - +0 shield
rNeg     . . .     Faith    .   b - +0 scale mail
rPois    .         Spirit   .   (helmet restricted)
rElec    .         Reflect  .   (no cloak)
rCorr    .         Harm     .   (no gloves)
MR       .....                  (no boots)
Stlth    ..........             (no amulet)
HPRegen  0.18/turn              g - ring of magical power
MPRegen  0.15/turn              (no ring)

@: mighty
A: horns 1, talons 1, foul stench 1, rot immunity
a: no special abilities


You were on level 1 of the Dungeon.
You were not hungry.

You visited 1 branch of the dungeon, and saw 1 of its levels.

You collected 23 gold pieces.

Inventory:

Hand Weapons
 a - a +0 long sword (weapon)
Missiles
 j - 5 javelins (quivered)
 n - a throwing net
Armour
 b - a +0 scale mail (worn)
 c - a +0 shield (worn)
Jewellery
 g - a ring of magical power (left hand)
Scrolls
 e - a scroll of enchant weapon {unknown}
 h - a scroll of identify {unknown}
 k - a scroll of blinking {unknown}
 p - a scroll of remove curse {unknown}
 r - a scroll of enchant armour {unknown}
Potions
 d - a potion of might
 i - a potion of flight {unknown}
 m - a potion of brilliance {unknown}
 o - a potion of heal wounds {unknown}
 q - a potion of degeneration {unknown}
Comestibles
 f - 4 rations
 l - 3 chunks of flesh


   Skills:
 + Level 5.4 Fighting
 + Level 3.8 Long Blades
 + Level 0.3 Throwing
 + Level 5.3 Armour
 + Level 0.1 Dodging
 + Level 4.8 Shields


You had 6 spell levels left.
You didn't know any spells.
Your spell library was empty.

Dungeon Overview and Level Annotations

Branches:
Dungeon (1/3)
 Temple: D:1

Altars:
Nemelex Xobeh
Wu Jian
Xom
Zin


Innate Abilities, Weirdness & Mutations

You have a pair of small horns on your head.
You have sharp toenails.
You may emit foul miasma when damaged in melee.
You are immune to rotting.


Message History

Your headbutt misses the black bear.
The black bear is moderately wounded.
The black bear misses you. The black bear claws you.
* * * LOW HITPOINT WARNING * * *
You block the black bear's attack.
You aren't carrying any items that you can evoke.
You feel very mighty all of a sudden. You block the black bear's attack.
The black bear barely misses you. x2
You hit the black bear. You claw the black bear.
Your headbutt misses the black bear.
The black bear is severely wounded.
The black bear goes berserk!
The black bear bites you!
* * * LOW HITPOINT WARNING * * *
You block the black bear's attack. The black bear misses you.
You completely miss the black bear. Your headbutt misses the black bear.
The black bear is severely wounded.
The black bear bites you.
* * * LOW HITPOINT WARNING * * *
The black bear claws you.
You die...

..# ####.##.#... #.#
##.##.#.#. #.#
###......... ###.#
#...####.###
###.###.#.# ...
#..##.#.# ..... #
#.......#......
#.###.###..........._..
#......@h.####..#......
##.##.#?#.# #..#.....$
.....#.# #..# .Z...
#####.#.# ##.# ##h##
#.#.# #.. ... #.#.#
#### .. #.#.# #.#.#


You could see a black bear (berserk).

Vanquished Creatures
  An ogre (D:1)
  2 crimson imps (D:1)
  3 adders (D:1)
  2 adder skeletons (D:1)
8 creatures vanquished.

Notes
Turn   | Place    | Note
-------+----------+-------------------------------------------
     0 | D:1      | Dorkslayer the Demonspawn Fighter began the quest for the
                  | Orb.
     0 | D:1      | Reached XP level 1. HP: 18/18 MP: 1/1
    12 | D:1      | Gained mutation: You have a pair of small horns on your
                  | head. [demonic ancestry]
    12 | D:1      | Reached XP level 2. HP: 5/24 MP: 2/2
    12 | D:1      | Gained mutation: You are immune to rotting. [demonic
                  | ancestry]
    12 | D:1      | Reached XP level 3. HP: 6/29 MP: 3/3
   327 | D:1      | Found a shimmering altar of Xom.
   362 | D:1      | Found a glowing silver altar of Zin.
   404 | D:1      | Gained mutation: You have sharp toenails. [demonic
                  | ancestry]
   404 | D:1      | Reached XP level 4. HP: 37/37 MP: 4/4
   404 | D:1      | Reached XP level 5. HP: 42/42 MP: 5/5
   442 | D:1      | Noticed an ogre
   444 | D:1      | Reached XP level 6. HP: 49/49 MP: 6/6
   451 | D:1      | Reached skill level 5 in Fighting
   451 | D:1      | Reached skill level 5 in Armour
   451 | D:1      | Gained mutation: You may emit foul miasma when damaged in
                  | melee. [demonic ancestry]
   451 | D:1      | Reached XP level 7. HP: 20/56 MP: 7/7
   452 | D:1      | Found a sparkling altar of Nemelex Xobeh.
   521 | D:1      | Found an ornate altar of the Wu Jian Council.
   543 | D:1      | HP: 1/56 [black bear (5)]
   543 | D:1      | Slain by a black bear

Skill      XL: |  1  2  3  4  5  6 |
---------------+-------------------+-----
Long Blades    | 2 3 |  3.8
Armour         | 3 4 5 |  5.3
Shields        | 3 4 |  4.8
Fighting       | 4 5 |  5.4
Throwing       | |  0.3
Dodging        | |  0.1

Action                   |  1- 3 |  4- 6 |  7- 9 || total
-------------------------+-------+-------+-------++-------
Melee: Long sword        |    10 |     9 |    25 ||    44
       Headbutt          |     1 |     2 |     6 ||     9
       Kick              |       |     1 |     5 ||     6
Throw: Javelin           |       |     2 |     2 ||     4
  Use: Potion            |       |       |     1 ||     1
Armor: Scale mail        |     4 |       |    14 ||    18
Dodge: Dodged            |     3 |     1 |     8 ||    12
Block: Shield            |     3 |     3 |    17 ||    23
       Rpst.: Long sword |       |       |     2 ||     2
